 Dungeon Crawl Stone Soup version 0.21.1-1-g345015f (webtiles) character file.

72 tidbits the Grave Robber (level 4, -4/32 HPs)
             Began as a Gnoll Necromancer on June 29, 2018.
             Killed by divine providence
             ... invoked by an orc priest
              (11 damage)
             ... on level 4 of the Dungeon.
             The game lasted 00:04:20 (434 turns).

tidbits the Grave Robber (Gnoll Necromancer)         Turns: 434, Time: 00:04:21

Health: -4/32      AC:  2    Str: 10      XL:     4   Next: 26%
Magic:  4/11       EV: 14    Int: 18 (19) God:
Gold:   60         SH:  0    Dex: 14 (15) Spells: 8/13 levels left

rFire    . . .     SeeInvis .   h - +0 rapier
rCold    . . .     Gourm    .   (no shield)
rNeg     . . .     Faith    .   a - +0 robe
rPois    +         Spirit   .   (no helmet)
rElec    .         Reflect  .   (no cloak)
rCorr    .         Harm     .   (no gloves)
MR       .....                  (no boots)
Stlth    ++........             (no amulet)
HPRegen  0.10/turn              i - ring of loudness (curse)
MPRegen  0.12/turn              j - ring of poison resistance

@: no status effects
A: distributed training, fangs 1, strong nose
a: no special abilities


You were on level 4 of the Dungeon.
You were not hungry.

You visited 1 branch of the dungeon, and saw 4 of its levels.

You collected 60 gold pieces.

Inventory:

Hand Weapons
 h - a +0 rapier (weapon)
Missiles
 k - 21 arrows
Armour
 a - a +0 robe (worn)
Jewellery
 d - a +4 ring of dexterity
   (You found it on level 4 of the Dungeon)
 i - a cursed ring of loudness (left hand)
   (You took it off an orc on level 3 of the Dungeon)
 j - a ring of poison resistance (right hand)
   (You found it on level 3 of the Dungeon)
Scrolls
 e - a scroll of teleportation {unknown}
 f - a scroll of enchant armour {unknown}
 g - a scroll of remove curse {unknown}
 l - a scroll of fog {unknown}
Books
 b - a book of Necromancy

   Spells                             Type                      Level
   a - Pain                           Necromancy                   1
   b - Animate Skeleton               Necromancy                   1
   c - Vampiric Draining              Necromancy                   3
   d - Regeneration                   Charms/Necromancy            3
   e - Animate Dead                   Necromancy                   4
   f - Borgnjor's Vile Clutch         Necromancy/Earth             5
Comestibles
 c - 2 rations


   Skills:
 + Level 1.0 Fighting
 + Level 1.0 Short Blades
 + Level 1.0 Long Blades
 + Level 1.0 Axes
 + Level 1.0 Maces & Flails
 + Level 1.0 Polearms
 + Level 1.0 Staves
 + Level 1.0 Slings
 + Level 1.0 Bows
 + Level 1.0 Crossbows
 + Level 1.0 Throwing
 + Level 1.0 Armour
 + Level 4.6 Dodging
 + Level 4.2 Stealth
 + Level 1.0 Shields
 + Level 1.0 Unarmed Combat
 + Level 5.0 Spellcasting
 + Level 0.8 Conjurations
 + Level 0.8 Hexes
 + Level 0.8 Charms
 + Level 0.8 Summonings
 + Level 7.1 Necromancy
 + Level 0.8 Translocations
 + Level 0.8 Transmutations
 + Level 0.8 Fire Magic
 + Level 0.8 Ice Magic
 + Level 0.8 Air Magic
 + Level 0.8 Earth Magic
 + Level 0.8 Poison Magic
 + Level 1.1 Invocations
 + Level 1.0 Evocations


You had 8 spell levels left.
You knew the following spells:

 Your Spells              Type           Power        Failure   Level  Hunger
a - Pain                  Necr           ####         1%          1    None
n - Animate Skeleton      Necr           N/A          1%          1    None
r - Regeneration          Chrm/Necr      ###.......   8%          3    ##.....


Dungeon Overview and Level Annotations

Branches:
Dungeon (4/15)
 Temple: D:4-7

Altars:

Shops:
D:4 [

Annotations:
D:4 tidbits's ghost, amateur GnNe


Innate Abilities, Weirdness & Mutations

Your experience applies equally to all skills.
You have very sharp teeth.
Your uncanny sense of smell can sniff out nearby items.


Message History

Aiming: Pain
Press: ? - help, Shift-Dir - straight line, f - frilled lizard
Aim: a frilled lizard (chance to defeat MR: 93%)
The frilled lizard writhes in agony!
You kill the frilled lizard!
The ball python bites you.
* * * LOW HITPOINT WARNING * * *
The ball python misses you. The ball python bites you.
* * * LOW HITPOINT WARNING * * *
The ball python barely misses you.
Casting: Pain
Confirm with . or Enter, or press ? or * to list all spells.
Aiming: Pain
Press: ? - help, Shift-Dir - straight line, f - ball python
Aim: a ball python (chance to defeat MR: 93%)
The ball python writhes in agony!
You kill the ball python!
You see here a frilled lizard corpse.
Casting: Pain
Confirm with . or Enter, or press ? or * to list all spells.
You miscast Regeneration.
You are very lightly contaminated with residual magic.
The air around you crackles with energy!
A worm comes into view.
Found a leather armour.
A hobgoblin comes into view. It is wielding a club.
The hobgoblin shouts!
Found a stone staircase leading down.
Unknown command.
An adder and a kobold come into view.
There is a stone staircase leading down here.
You climb downwards.
Level annotation: tidbits's ghost, amateur GnNe A worm comes into view.
There is a stone staircase leading up here.
Your magical contamination has completely faded away.
Unknown command.
A jackal comes into view.
The jackal barks!
Unknown command.
Casting: Regeneration
Confirm with . or Enter, or press ? or * to list all spells.
Aiming: Pain
Press: ? - help, Shift-Dir - straight line, f - jackal
Aim: a jackal (chance to defeat MR: 93%)
The jackal writhes in agony!
You kill the jackal!
A jackal comes into view.
Casting: Pain
Confirm with . or Enter, or press ? or * to list all spells.
Aiming: Pain
Press: ? - help, Shift-Dir - straight line, f - jackal
Aim: a jackal (hasn't noticed you, chance to defeat MR: 93%)
The jackal writhes in agony!
A dart slug comes into view.
The dart slug moves out of view.
Casting: Pain
Confirm with . or Enter, or press ? or * to list all spells.
Aiming: Pain
Press: ? - help, Shift-Dir - straight line, f/p - jackal
Aim: a jackal (moderately wounded, chance to defeat MR: 93%)
The jackal writhes in agony!
You kill the jackal!
Casting: Pain
Confirm with . or Enter, or press ? or * to list all spells.
Aiming: Pain
Press: ? - help, Shift-Dir - straight line, f - dart slug
Aim: a dart slug (clinging, chance to defeat MR: 93%)
The dart slug writhes in agony!
Casting: Pain
Confirm with . or Enter, or press ? or * to list all spells.
Aiming: Pain
Press: ? - help, Shift-Dir - straight line, f/p - dart slug
Aim: a dart slug (heavily wounded, clinging, chance to defeat MR: 93%)
The dart slug writhes in agony!
You kill the dart slug!
Found a small silver ring and 9 gold pieces.
You see here a dart slug corpse.
You see here a small silver ring.
d - a small silver ring
Things that are here:
9 gold pieces; 21 arrows
k - 21 arrows You now have 60 gold pieces (gained 9).
Put on which piece of jewellery? (? for menu, Esc to quit)
You remove your ring of poison resistance.
You feel agile.
d - a +4 ring of dexterity (right hand) Put on which piece of jewellery? (? for menu, Esc to quit)
You remove your +4 ring of dexterity.
You feel clumsy.
j - a ring of poison resistance (right hand)
Found a stone staircase leading down.
There is a stone staircase leading down here.
Unknown command.
An orc priest comes into view. It is wielding a hand axe.
The orc priest shouts!
The orc priest calls down the wrath of Beogh upon you.
Beogh smites you!
You die...

###############
o........@....#
#####..#####.#
#..# #.#
...o.o...# #.#
...#####...
#.####
#.##.##....##
..##........#
..########..#
.## #..#


You could see an orc priest.

Vanquished Creatures
  An orc wizard (D:4)
  An adder (D:2)
  A worm (D:3)
  A dart slug (D:4)
  A leopard gecko (D:3)
  6 orcs
  2 giant cockroaches
  A goblin (D:2)
  A hobgoblin (D:3)
  5 jackals
  2 kobolds
  A quokka (D:2)
  A ball python (D:3)
  2 frilled lizards (D:3)
26 creatures vanquished.

Notes
Turn   | Place    | Note
-------+----------+-------------------------------------------
     0 | D:1      | tidbits the Gnoll Necromancer began the quest for the Orb.
     0 | D:1      | Reached XP level 1. HP: 13/13 MP: 6/6
    56 | D:2      | Reached XP level 2. HP: 14/19 MP: 5/7
    59 | D:2      | Learned a level 1 spell: Animate Skeleton
   146 | D:3      | Reached XP level 3. HP: 11/25 MP: 3/9
   151 | D:3      | Learned a level 3 spell: Regeneration
   154 | D:3      | Reached skill level 5 in Spellcasting
   178 | D:3      | HP: 2/25 [orc/dagger (6)]
   213 | D:3      | HP: 2/25 [jackal (2)]
   218 | D:3      | HP: 3/37 [jackal (1)]
   270 | D:4      | Found Olai's Antique Armour Boutique.
   316 | D:4      | Reached skill level 1 in Fighting
   316 | D:4      | Reached skill level 1 in Short Blades
   316 | D:4      | Reached skill level 1 in Long Blades
   316 | D:4      | Reached skill level 1 in Axes
   316 | D:4      | Reached skill level 1 in Maces & Flails
   316 | D:4      | Reached skill level 1 in Polearms
   316 | D:4      | Reached skill level 1 in Staves
   316 | D:4      | Reached skill level 1 in Slings
   316 | D:4      | Reached skill level 1 in Bows
   316 | D:4      | Reached skill level 1 in Crossbows
   316 | D:4      | Reached skill level 1 in Throwing
   316 | D:4      | Reached skill level 1 in Armour
   316 | D:4      | Reached skill level 1 in Shields
   316 | D:4      | Reached skill level 1 in Unarmed Combat
   316 | D:4      | Reached skill level 1 in Invocations
   316 | D:4      | Reached skill level 1 in Evocations
   316 | D:4      | Reached XP level 4. HP: 4/32 MP: 8/11
   348 | D:4      | Noticed tidbits's ghost (amateur GnNe)
   434 | D:4      | Killed from afar by an orc priest

Skill      XL: |  1  2  3 |
---------------+----------+-----
Spellcasting   | 5 |  5.0
Fighting       | 1 |  1.0
Short Blades   | 1 |  1.0
Long Blades    | 1 |  1.0
Axes           | 1 |  1.0
Maces & Flails | 1 |  1.0
Polearms       | 1 |  1.0
Staves         | 1 |  1.0
Slings         | 1 |  1.0
Bows           | 1 |  1.0
Crossbows      | 1 |  1.0
Throwing       | 1 |  1.0
Armour         | 1 |  1.0
Shields        | 1 |  1.0
Unarmed Combat | 1 |  1.0
Invocations    | 1 |  1.1
Evocations     | 1 |  1.0
Dodging        | |  4.6
Stealth        | |  4.2
Conjurations   | |  0.8
Hexes          | |  0.8
Charms         | |  0.8
Summonings     | |  0.8
Necromancy     | |  7.1
Translocations | |  0.8
Transmutations | |  0.8
Fire Magic     | |  0.8
Ice Magic      | |  0.8
Air Magic      | |  0.8
Earth Magic    | |  0.8
Poison Magic   | |  0.8

Action                   |  1- 3 |  4- 6 || total
-------------------------+-------+-------++-------
Melee: Unarmed           |     1 |       ||     1
       Rapier            |    14 |       ||    14
       Bite              |     3 |       ||     3
 Cast: Pain              |    23 |    13 ||    36
       Regeneration      |     2 |     1 ||     3
       Animate Skeleton  |     1 |       ||     1
  Use: Potion            |     5 |       ||     5
 Stab: Sleeping          |     1 |       ||     1
       Distracted        |     1 |       ||     1
Armor: Robe              |     6 |     1 ||     7
Dodge: Dodged            |    15 |    14 ||    29

Table legend:
 A = Turns spent in this place as a percentage of turns spent in the entire game.
 B = Non-inter-level travel turns spent in this place as a percentage of non-inter-level travel turns spent in the entire game.
 C = Inter-level travel turns spent in this place as a percentage of turns spent in this place.
 D = Turns resting spent in this place as a percentage of non-inter-level travel turns spent in this place.
 E = Turns spent auto-exploring this place as a percentage of non-inter-level travel turns spent in this place.
 F = Non-inter-level travel turns spent in this place divided by the number of levels of this place that you've seen.
                   A       B       C       D       E      F
               +-------+-------+-------+-------+-------+----------------------
         Total | 100.0 | 100.0 |   0.0 |   0.0 |   0.0 | 108.5
       Dungeon | 100.0 | 100.0 |   0.0 |   0.0 |   0.0 | 108.5
               +-------+-------+-------+-------+-------+----------------------

Table legend:
 A = Kills in this place as a percentage of kills in entire the game.
 B = Kills by you in this place as a percentage of kills by you in the entire game.
 C = Kills by friends in this place as a percentage of kills by friends in the entire game.
 D = Other kills in this place as a percentage of other kills in the entire game.
 E = Experience gained in this place as a percentage of experience gained in the entire game.
 F = Experience gained in this place divided by the number of levels of this place that you have seen.
                   A       B       C       D       E      F
               +-------+-------+-------+-------+-------+----------------------
         Total | 100.0 | 100.0 |   N/A |   N/A | 100.0 |  26.0
       Dungeon | 100.0 | 100.0 |   N/A |   N/A | 100.0 |  26.0
               +-------+-------+-------+-------+-------+----------------------

Vault maps used:
D:1:      minmay_arrival_semitransparent
D:3:      chequers_ecumenical_altar_simple, hangedman_abyss_or_decor_stabs,
          roderic_st_hans_cross
D:4:      serial_shops, nicolae_shop_crystal
